 Dungeon Crawl Stone Soup version 0.30-a0-1016-gfb0d676c02 (webtiles) character file.

Game seed: 1538177688716108091

110740 Zeldest the Severer (level 16, 0/161 HPs)
             Began as a Hill Orc Reaver on Apr 5, 2023.
             Was a High Priest of Ashenzari.
             Slain by a demonic crawler (12 damage)
             ... led by a torpor snail
             ... on level 4 of the Spider Nest on Apr 6, 2023.
             The game lasted 01:30:41 (29676 turns).

Zeldest the Severer (Hill Orc Reaver)              Turns: 29676, Time: 01:30:42

Health: 0/161      AC: 24    Str: 23    XL:     16   Next: 55%
Magic:  23/23      EV: 17    Int: 16    God:    Ashenzari [*****.]
Gold:   1690       SH: 10    Dex:  9    Spells: 19/24 levels left

rFire   . . .      SeeInvis +    O - +10 war axe "Tethered Together" {venom, *Slow rC+ Will+ Int+3, Melee, Alch} (curse)
rCold   + . .      Faith    .    K - +0 kite shield "Eternal Pragmatism" {Self, Evo} (curse)
rNeg    . . .      Spirit   .    y - +0 swamp dragon scales of Ashenzari's Black Moon {rPois, Self, Range} (curse)
rPois   +          Reflect  .    E - +0 helmet "At What Cost Knowledge?" {Self, Alch} (curse)
rElec   .          Rampage  .    x - +2 cloak "Shattered Together" {Will+, Melee, Evo} (curse)
rCorr   .          Clarity  +    X - +0 pair of gloves of the Bound Gnosis {Cun, Elem} (curse)
Will    +++..                    r - +1 pair of boots Stlth
                                 L - amulet "Share My Inaction" {RegenMP, Range, Elem} (curse)
HPRegen 0.46/turn                H - ring "Shackled With Me" {AC+4, Range, Self} (curse)
MPRegen 0.58/turn                n - ring "Behold Eternity" {EV+5, Comp, Melee} (curse)

@: no status effects
A: screaming 2
a: Renounce Religion, Shatter the Chains


You were on level 4 of the Spider Nest.
You worshipped Ashenzari.
Ashenzari was extremely pleased with you.
You visited 4 branches of the dungeon, and saw 23 of its levels.
You visited 1 bazaar.

You collected 2485 gold pieces.
You spent 795 gold pieces at shops.

Inventory:

Hand Weapons
 O - the cursed +10 war axe "Tethered Together" (weapon) {venom, *Slow rC+ Will+ Int+3, Melee, Alch}
   (You found it on level 9 of the Dungeon)

   Int:       It affects your intelligence (+3).
   rC:        It protects you from cold.
   *Slow:     It may slow you when you take damage.
   Will:      It increases your willpower.
   It has a curse which improves the following skills: Melee Combat: Short
   Blades, Long Blades, Axes, Maces & Flails, Polearms, Staves and Unarmed
   Combat.
   Alchemy:   Poison Magic and Transmutations.
 Y - a +2 broad axe of flaming
Missiles
 b - 4 boomerangs (quivered)
 p - a throwing net
 t - 3 curare-tipped darts
 F - 4 silver javelins
 G - 7 javelins
 W - 6 silver boomerangs
Armour
 r - a +1 pair of boots (worn)
 x - the cursed +2 cloak "Shattered Together" (worn) {Will+, Melee, Evo}
   (You found it on level 4 of the Dungeon)

   Will:      It increases your willpower.
   It has a curse which improves the following skills: Melee Combat: Short
   Blades, Long Blades, Axes, Maces & Flails, Polearms, Staves and Unarmed
   Combat.
   Evocations: Evocations.
 y - the cursed +0 swamp dragon scales of Ashenzari's Black Moon (worn) {rPois, Self, Range}
   (You took it off Maggie on level 9 of the Dungeon)

   rPois:     It protects you from poison.
   It has a curse which improves the following skills: Introspection: Fighting
   and Spellcasting.
   Ranged Combat: Ranged Weapons and Throwing.
 E - the cursed +0 helmet "At What Cost Knowledge?" (worn) {Self, Alch}
   (You found it on level 8 of the Dungeon)

   It has a curse which improves the following skills: Introspection: Fighting
   and Spellcasting.
   Alchemy:   Poison Magic and Transmutations.
 J - a +4 chain mail
 K - the cursed +0 kite shield "Eternal Pragmatism" (worn) {Self, Evo}
   (You took it off a gnoll sergeant on level 9 of the Dungeon)

   It has a curse which improves the following skills: Introspection: Fighting
   and Spellcasting.
   Evocations: Evocations.
 X - the cursed +0 pair of gloves of the Bound Gnosis (worn) {Cun, Elem}
   (You found it on level 4 of the Lair of Beasts)

   It has a curse which improves the following skills: Cunning: Dodging and
   Stealth.
   Elements:  Fire Magic, Ice Magic, Air Magic and Earth Magic.
Jewellery
 i - a ring of see invisible
 n - the cursed ring "Behold Eternity" (right hand) {EV+5, Comp, Melee}
   (You found it on level 2 of the Dungeon)

   [ring of evasion]

   EV:        It affects your evasion (+5).
   It has a curse which improves the following skills: Companions: Summonings
   and Necromancy.
   Melee Combat: Short Blades, Long Blades, Axes, Maces & Flails, Polearms,
   Staves and Unarmed Combat.
 s - a ring of positive energy
 H - the cursed ring "Shackled With Me" (left hand) {AC+4, Range, Self}
   (You found it on level 2 of the Dungeon)

   [ring of protection]

   AC:        It affects your AC (+4).
   It has a curse which improves the following skills: Ranged Combat: Ranged
   Weapons and Throwing.
   Introspection: Fighting and Spellcasting.
 L - the cursed amulet "Share My Inaction" (around neck) {RegenMP, Range, Elem}
   (You found it on level 10 of the Dungeon)

   [amulet of magic regeneration]

   It increases your rate of magic regeneration.
   It has a curse which improves the following skills: Ranged Combat: Ranged
   Weapons and Throwing.
   Elements:  Fire Magic, Ice Magic, Air Magic and Earth Magic.
Wands
 e - a wand of acid (13)
 Q - a wand of polymorph (2)
 R - a wand of flame (30)
 T - a wand of digging (6)
Scrolls
 a - 2 scrolls of enchant armour
 d - 4 scrolls of magic mapping
 l - 5 scrolls of fog
 o - a scroll of blinking
 q - 2 scrolls of poison
 v - 4 scrolls of immolation
 D - 4 scrolls of teleportation
 P - 2 scrolls of amnesia
 V - 2 scrolls of torment
Potions
 f - 3 potions of curing
 g - 2 potions of might
 h - 3 potions of berserk rage
 j - 7 potions of brilliance
 k - 3 potions of attraction
 m - a potion of ambrosia
 u - 2 potions of heal wounds
 w - 3 potions of mutation
 z - 3 potions of haste
 B - a potion of flight
 I - a potion of cancellation
 M - 2 potions of invisibility
 N - 2 potions of lignification
 U - a potion of magic
Miscellaneous
 c - a phantom mirror


   Skills:
 + Level 14.6(19.6) Fighting
 - Level 16.9(21.6) Axes
 - Level 7.9(15.0) Maces & Flails
 + Level 7.1(11.3) Throwing
 + Level 13.2 Armour
 - Level 5.3(7.4) Dodging
 + Level 10.4 Shields
 - Level 1.5(4.6) Spellcasting
 - Level 3.0 Conjurations
 - Level 7.8(10.0) Summonings
 - Level 8.8(12.0) Earth Magic
 - Level 7.2(10.4) Evocations


You had 19 spell levels left.
You knew the following spells:

 Your Spells              Type           Power      Damage    Failure   Level
a - Kiss of Death         Conj/Necr      32%        2d7       26%         1
b - Animate Armour        Summ/Erth      78%        N/A       5%          4

Your spell library contained the following spells:

 Spells                   Type           Power      Damage    Failure   Level
 Call Imp                 Summ           35%        N/A       1%          2
 Stone Arrow              Conj/Erth      54%        3d10      7%          3
 Magic Dart               Conj           52%        1d5       14%         1
 Momentum Strike          Conj/Tloc      16%        3d8       36%         2
 Freeze                   Ice            20%        1d4       38%         1
 Leda's Liquefaction      Hex/Erth       11%        N/A       38%         4
 Cigotuvi's Dreadful Rot  Necr/Pois/Air  8%         N/A       54%         2
 Ensorcelled Hibernation  Hex/Ice        8%         N/A       56%         2
 Blink                    Tloc           6%         N/A       58%         2
 Lesser Beckoning         Tloc           6%         N/A       58%         2
 Hailstorm                Conj/Ice       9%         3d4       58%         3
 Dazzling Flash           Conj/Hex       16%        N/A       61%         3
 Mephitic Cloud           Conj/Pois/Air  7%         N/A       65%         3
 Frozen Ramparts          Ice            10%        1d2       77%         3
 Inner Flame              Hex/Fire       4%         N/A       80%         3
 Volatile Blastmotes      Fire/Tloc      8%         2d10      80%         3
 Confusing Touch          Hex            3%         N/A       82%         3
 Gell's Gravitas          Tloc           3%         N/A       82%         3
 Teleport Other           Tloc           3%         N/A       82%         3
 Fulminant Prism          Conj/Hex       4%         3d5       95%         4
 Iskenderun's Mystic Bla  Conj/Tloc      8%         2d4       95%         4
 Iskenderun's Battlesphe  Conj           13%        2d7       98%         5
 Dispel Undead            Necr           4%         3d7       99%         4
 Fireball                 Conj/Fire      4%         3d4       100%        5
 Silence                  Hex/Air        2%         N/A       100%        5
 Yara's Violent Unravell  Hex/Tmut       2%         3d3       100%        5
 Conjure Ball Lightning   Conj/Air       4%         3x3d6     100%        6
 Death Channel            Necr           2%         N/A       100%        6
 Starburst                Conj/Fire      4%         6d4       100%        6
 Enfeeble                 Hex            1%         N/A       100%        7
 Orb of Destruction       Conj           6%         9d6       100%        7
 Lehudib's Crystal Spear  Conj/Erth      13%        10d5      100%        8


Dungeon Overview and Level Annotations

Branches:
Dungeon (12/15) Zot: 25930  Temple (0/1) D:4            Lair (5/5) D:9 Zot: 21714
  Swamp (0/4) Lair:3       Spider (4/4) Lair:2 Zot: 16918   Slime (0/5) Lair:5
    Orc (2/2) D:10 Zot: 9841     Elf (0/3) Orc:2

Altars:
Ashenzari
Dithmenos
Elyvilon
Gozag
Yredelemnul
Jiyva

Shops:
D:4 !   D:5 :   D:10 [(   Orc:2 (((*

Annotations:
D:6 3 runed translucent doors, snackwell's ghost, weakling OpDe
D:10 1 transporter, patfeehan111222's ghost, journeyman MiBe
Lair:5 1 runed translucent door


Innate Abilities, Weirdness & Mutations

You frequently scream uncontrollably at your foes.


Message History

The demonic crawler hits you but does no damage.
The demonic crawler hits you!
* * * LOW HITPOINT WARNING * * *
You slash the demonic crawler!
The demonic crawler is moderately wounded.
The demonic crawler misses you.
You block the demonic crawler's attack. x2
The torpor snail bites your animated swamp dragon scales!
Your animated swamp dragon scales hits the torpor snail!
Your animated swamp dragon scales hits the torpor snail but does no damage.
You slash the demonic crawler!
The demonic crawler is poisoned.
The demonic crawler is heavily wounded.
The demonic crawler barely misses you. x2
The demonic crawler closely misses you. The demonic crawler hits you.
* * * LOW HITPOINT WARNING * * *
You block the demonic crawler's attack.
The demonic crawler hits you but does no damage.
The torpor snail bites your animated swamp dragon scales but does no damage.
You hit the demonic crawler but do no damage.
The demonic crawler looks as sick as possible!
The demonic crawler is moderately wounded.
The demonic crawler hits you but does no damage.
The demonic crawler completely misses you.
The demonic crawler misses you.
Your animated swamp dragon scales hits the torpor snail.
Your animated swamp dragon scales hits the torpor snail!
The torpor snail dies!
You block the wolf spider's attack. The wolf spider completely misses you.
You block the demonic crawler's attack.
The demonic crawler hits you but does no damage. x2
You slash the wolf spider!
The wolf spider is lightly wounded.
You hit the demonic crawler but do no damage.
The demonic crawler looks as sick as possible!
You feel yourself speed up.
Your animated swamp dragon scales is no longer moving slowly.
The wolf spider hits you!
* * * LOW HITPOINT WARNING * * *
The wolf spider bites you but does no damage.
You block the demonic crawler's attack. The demonic crawler hits you!
You die...

#..^.^.....^........#*
#^..#.......#........,
#...............#~...,
#.#...#.......^.....≈
#.....^.....##.#^#...,
#....##.........^....
#..........##.#.....,
###...†....^........,,
#^...@s........... ,,
#^...#s....(....#., *
#......[.#.....^.. ,
#.......†......#., ,,
#^.....#^#.#.#... ,,
###^......†.......,,,
#^.........#....^#,^*
#...#...†.^....^#.
#^^...#.^.#^...... , ,


You could see a demonic crawler (extremely poisoned), a wolf spider (ally
target) and a friendly animated swamp dragon scales (summoned).

Vanquished Creatures
  An emperor scorpion (Lair:2)
  2 broodmothers
  A stone giant (Orc:2)
  An ettin (Orc:2)
  An entropy weaver (Spider:2)
  3 hydras
  2 ogre magi (Orc:2)
  2 radroaches (Spider:3)
  2 catoblepae
  2 boulder beetles
  7 two-headed ogres (Orc:2)
  A deep troll shaman (Lair:5)
  5 death yaks (Lair:5)
  An orc high priest (Orc:2)
  A skyshark (Lair:5)
  3 sun moths
  3 pharaoh ants
  2 deep trolls (Orc:2)
  An obsidian statue (D:12)
  4 orb spiders
  A lindwurm (Lair:5)
  2 bog bodies (Lair:3)
  2 steelbarb worms
  16 wolf spiders
  An orc sorcerer (Orc:2)
  An orc knight (Orc:2)
  A shining eye (Spider:2)
  2 manticores (D:12)
  Maurice (D:10)
  A cyclops (Orc:2)
  15 elephants
  3 moths of wrath
  10 black mambas
  6 demonic crawlers
  Joseph (D:9)
  3 torpor snails
  Psyche (D:10)
  13 cane toads
  Maggie (D:9)
  3 unseen horrors
  5 komodo dragons
  A kobold demonologist (D:10)
  A rime drake (Lair:3)
  3 meliai
  A wind drake (Lair:2)
  12 trolls
  2 polar bears (Lair:5)
  9 blink frogs
  10 tarantellas
  4 dream sheep (Lair:5)
  23 culicivoras
  25 jumping spiders
  2 wraiths
  50 yaks
  2 wyverns
  A vampire (D:11)
  5 vampire mosquitoes (D:12)
  34 redbacks
  Edmund (D:5)
  2 steam dragons
  3 basilisks
  A warg (Orc:2)
  2 swamp worms (Lair:3)
  An acid dragon (D:12)
  15 water moccasins
  4 black bears
  15 orc warriors
  22 ogres
  34 wolves
  6 centaurs
  2 nameless horrors (Spider:2)
  A kobold brigand (D:4)
  6 bullfrogs
  3 gnoll sergeants
  A scorpion (D:5)
  19 wights
  5 spriggan skeletons (D:9)
  A troll skeleton (D:9)
  An electric eel (Lair:5)
  7 howler monkeys (D:8)
  4 hounds
  A quasit (D:5)
  3 jellies
  8 orc priests
  Crazy Yiuf (D:3)
  5 iguanas
  18 orc wizards
  9 hell rats
  14 gnolls
  16 adders
  2 river rats (Lair:2)
  7 shadow imps
  5 white imps (D:5)
  3 ufetubi
  2 worms (D:2)
  4 dart slugs
  38 orcs
  6 bats
  5 endoplasms
  8 giant cockroaches
  11 goblins
  7 hobgoblins
  6 jackals (D:2)
  8 kobolds
  3 quokkas
  8 ball pythons
  5 frilled lizards
  17 rats
695 creatures vanquished.

Vanquished Creatures (collateral kills)
  Arachne (Spider:2)
  An emperor scorpion (Spider:4)
  Aizul (Spider:3)
  2 entropy weavers (Spider:2)
  3 jorogumos
  2 pharaoh ants (Spider:2)
  An orb spider (Spider:3)
  A steelbarb worm (Spider:3)
  4 wolf spiders
  2 torpor snails
  2 jumping spiders (Spider:2)
  2 culicivoras
  A basilisk (Lair:5)
  8 redbacks
  A water moccasin (Lair:5)
  3 wolves (Lair:5)
35 creatures vanquished.

Vanquished Creatures (others)
  A hydra (Lair:5)
  A catoblepas (Lair:5)
  A bog body (Lair:3)
  2 wolf spiders
  A redback (Spider:1)
  A wolf (Lair:5)
  An ogre (Orc:2)
  An orc wizard (Orc:2)
  3 demonic plants (D:5)
  33 fungi
  35 plants
80 creatures vanquished.

Grand Total: 810 creatures vanquished

Notes
Turn   | Place    | Note
-------+----------+-------------------------------------------
     0 | D:1      | Zeldest the Hill Orc Reaver began the quest for the Orb.
     0 | D:1      | Reached XP level 1. HP: 18/18 MP: 3/3
   217 | D:1      | Reached XP level 2. HP: 19/25 MP: 4/4
   317 | D:1      | Reached skill level 1 in Armour
   471 | D:1      | Reached XP level 3. HP: 30/30 MP: 5/5
   797 | D:1      | Reached skill level 5 in Axes
  1377 | D:2      | Found a broken altar of Ashenzari.
  1593 | D:2      | Reached XP level 4. HP: 38/38 MP: 6/6
  2065 | D:2      | Found a faded altar of an unknown god.
  2169 | D:2      | Prayed at the altar of an unknown god.
  2169 | D:2      | Became a worshipper of Ashenzari the Shackled
  2234 | D:3      | Reached XP level 5. HP: 40/45 MP: 7/7
  2285 | D:3      | Identified the +9 hammer of Might {drain, rF+ rCorr Dex+4}
  2288 | D:3      | Found a runed translucent door.
  2289 | D:3      | Identified the +6 hammer of Gloom {heavy, Dex+4}
  2289 | D:3      | Noticed Crazy Yiuf
  2293 | D:3      | Killed Crazy Yiuf
  2294 | D:3      | Reached skill level 6 in Axes
  2348 | D:3      | Found an opulent altar of Gozag.
  2543 | D:3      | You fall into a shaft and drop 3 floors!
  2674 | D:5      | Entered Level 5 of the Dungeon
  2803 | D:5      | Reached XP level 6. HP: 51/52 MP: 8/8
  2838 | D:5      | Found Ublunaru's Book Emporium.
  2847 | D:4      | Found Hapesyr's Distillery.
  2910 | D:4      | Bought a potion of curing for 36 gold pieces
  3038 | D:3      | Reached skill level 7 in Axes
  3280 | D:4      | Identified the +2 cloak of Filth {Will+}
  3353 | D:4      | Found a staircase to the Ecumenical Temple.
  3490 | D:4      | Reached XP level 7. HP: 60/60 MP: 9/9
  3805 | D:4      | Reached skill level 8 in Axes
  3852 | D:4      | Noticed a steam dragon
  3856 | D:4      | Reached skill level 5 in Fighting
  3864 | D:4      | Killed a steam dragon
  3935 | D:5      | Noticed Edmund
  3943 | D:5      | Killed Edmund
  3973 | D:5      | Reached skill level 9 in Axes
  3973 | D:5      | Reached XP level 8. HP: 66/70 MP: 10/10
  4370 | D:5      | Reached skill level 5 in Armour
  5049 | D:5      | Reached skill level 10 in Axes
  5177 | D:6      | Found a runed translucent gate.
  5177 | D:6      | Noticed snackwell's ghost (weakling OpDe)
  5178 | D:6      | Found a runed translucent gate.
  5179 | D:6      | Found a runed translucent gate.
  5179 | D:6      | Noticed a yak
  6177 | D:7      | Found a shadowy altar of Dithmenos.
  6362 | D:7      | Found a white marble altar of Elyvilon.
  6557 | D:7      | Found a basalt altar of Yredelemnul.
  6596 | D:8      | Reached skill level 11 in Axes
  6596 | D:8      | Reached XP level 9. HP: 79/79 MP: 11/11
  7028 | D:8      | Reached skill level 12 in Axes
  7623 | D:9      | Found a staircase to the Lair.
  7846 | D:9      | Reached skill level 13 in Axes
  7867 | D:9      | Noticed an unseen horror
  7888 | D:9      | Killed an unseen horror
  7889 | D:9      | Reached XP level 10. HP: 84/90 MP: 12/12
  7925 | D:9      | Identified the +10 war axe "Hash" {venom, *Slow rC+ Will+
                  | Int+3}
  8009 | D:9      | Noticed Maggie
  8021 | D:9      | Killed Maggie
  8101 | D:9      | Reached skill level 1 in Evocations
  8118 | D:9      | Reached skill level 14 in Axes
  8276 | Lair:1   | Entered Level 1 of the Lair of Beasts
  8938 | D:9      | Noticed Joseph
  8956 | D:9      | Killed Joseph
  9067 | D:10     | Entered Level 10 of the Dungeon
  9067 | D:10     | Found Piastis's Antique Weapon Shop.
  9077 | D:9      | Reached skill level 1 in Shields
  9077 | D:9      | Reached XP level 11. HP: 55/99 MP: 13/13
  9204 | D:10     | Noticed Maurice
  9223 | D:10     | Found Dahouri's Armour Shop.
  9233 | D:10     | Killed Maurice
  9234 | D:10     | Reached skill level 15 in Axes
  9332 | D:10     | Identified the +5 flail of the Tired Youths {drain, *Slow
                  | rElec Int+5 Dex+2}
  9366 | D:10     | Noticed Psyche
  9379 | D:10     | Killed Psyche
  9380 | D:10     | Reached skill level 10 in Fighting
  9478 | D:10     | Noticed a sixfirhy
  9480 | D:10     | Noticed a soul eater
  9540 | D:10     | Reached * piety under Ashenzari
 10000 | D:10     | Found a staircase to the Orcish Mines.
 10027 | D:10     | Identified the +8 dire flail "Fily" {flame, rElec rC+ SInv
                  | Stlth+}
 10027 | D:10     | Identified the +6 dire flail of Fixkaemeduu {protect, Str+7
                  | Stlth+}
 10027 | D:10     | Noticed a two-headed ogre
 10027 | D:10     | Noticed a two-headed ogre
 10027 | D:10     | Noticed patfeehan111222's ghost (journeyman MiBe)
 10030 | D:10     | Found a transporter.
 10030 | D:10     | Noticed a two-headed ogre
 10030 | D:10     | Noticed a two-headed ogre
 10031 | D:10     | Noticed a two-headed ogre
 10327 | D:11     | Reached ** piety under Ashenzari
 10384 | D:11     | Reached skill level 16 in Axes
 10800 | D:11     | Reached skill level 5 in Evocations
 11208 | D:12     | Noticed an obsidian statue
 11210 | D:12     | Noticed a sun demon
 11235 | D:12     | Killed an obsidian statue
 11236 | D:12     | Reached XP level 12. HP: 79/112 MP: 15/15
 12155 | Lair:1   | Reached skill level 5 in Shields
 12160 | Lair:1   | Reached skill level 10 in Armour
 12863 | Lair:1   | Reached skill level 1 in Throwing
 13254 | Lair:1   | Identified the Vellum of the Evil Eye
 13833 | Lair:2   | Reached *** piety under Ashenzari
 13871 | Lair:2   | Reached skill level 1 in Maces & Flails
 14118 | Lair:1   | Reached **** piety under Ashenzari
 14662 | Lair:2   | Found a hole to the Spider Nest.
 14674 | Lair:2   | Reached skill level 5 in Maces & Flails
 14872 | Lair:2   | Noticed a skyshark
 14874 | Lair:2   | a skyshark changed into a wind drake
 14891 | Lair:2   | Reached XP level 13. HP: 104/127 MP: 18/18
 16230 | Lair:3   | Found a staircase to the Swamp.
 16804 | Lair:3   | Found the +8 whip "Snakebite" {venom, curare, rPois}
 17869 | Lair:4   | Reached ***** piety under Ashenzari
 18020 | Lair:5   | Entered Level 5 of the Lair of Beasts
 18210 | Lair:5   | Reached XP level 14. HP: 70/138 MP: 20/20
 18613 | Lair:5   | Found a runed translucent door.
 18613 | Lair:5   | Found a viscous altar of Jiyva.
 18614 | Lair:5   | Found a staircase to the Slime Pits.
 18644 | Lair:5   | Identified the +2 war axe "Syenirchirin" {heavy, Will++
                  | Int-3 SInv}
 18909 | Lair:5   | Reached skill level 5 in Throwing
 19374 | Lair:5   | Identified the +1 glaive of the Trees {speed, rF+ rC+
                  | Will+}
 19748 | Orc:1    | Entered Level 1 of the Orcish Mines
 20102 | Orc:2    | Entered Level 2 of the Orcish Mines
 20495 | Orc:2    | Found a staircase to the Elven Halls.
 20925 | Orc:2    | Noticed a stone giant
 21199 | Orc:2    | Upgraded the game from 0.30-a0-1008-g30c9307041 to
                  | 0.30-a0-1016-gfb0d676c02
 21224 | Orc:2    | Found Beeraela's Antique Weapon Shoppe.
 21229 | Orc:2    | Found Zisk's Weapon Shoppe.
 21230 | Orc:2    | Found Nogul's Weapon Shop.
 21238 | Orc:2    | Found Wooh's Assorted Antiques.
 21276 | Orc:2    | Reached XP level 15. HP: 50/147 MP: 20/20
 21508 | Orc:2    | Bought a scroll labelled XUMOAL ZAEJA for 31 gold pieces
 21586 | Orc:2    | Found a gateway to a bazaar.
 21709 | Bazaar   | Entered a bazaar
 21711 | Bazaar   | Found Jauluok's Assorted Antiques.
 21715 | Bazaar   | Found Buptuux's General Store.
 21715 | Bazaar   | Found Raenuataal's Assorted Antiques.
 21716 | Bazaar   | Found Bithi's General Store.
 21736 | Bazaar   | Bought a scroll of enchant armour for 120 gold pieces
 21742 | Bazaar   | Bought a scroll of enchant weapon for 97 gold pieces
 21747 | Bazaar   | Bought a scroll of magic mapping for 127 gold pieces
 21752 | Bazaar   | Bought a potion of haste for 280 gold pieces
 21906 | Orc:2    | Reached skill level 5 in Dodging
 22089 | Orc:2    | Bought a broad axe for 104 gold pieces
 22246 | Spider:1 | Entered Level 1 of the Spider Nest
 22246 | Spider:1 | Noticed an emperor scorpion
 22269 | Lair:2   | Killed an emperor scorpion
 22767 | Spider:1 | Reached skill level 10 in Shields
 23134 | Spider:1 | Learned a level 4 spell: Animate Armour
 23412 | Spider:1 | Reached skill level 1 in Summonings
 23412 | Spider:1 | Reached skill level 1 in Earth Magic
 24294 | Spider:2 | Gained mutation: You occasionally shout uncontrollably at
                  | your foes. [a shining eye]
 24297 | Spider:2 | Gained mutation: You frequently scream uncontrollably at
                  | your foes. [a shining eye]
 25289 | Spider:2 | Reached skill level 5 in Summonings
 25289 | Spider:2 | Reached skill level 5 in Earth Magic
 25610 | Spider:3 | Noticed Arachne
 26235 | Spider:3 | Reached XP level 16. HP: 108/159 MP: 22/22
 26385 | Spider:3 | Noticed Aizul
 26394 | Spider:3 | Killed Aizul
 26607 | Spider:2 | Killed Arachne
 28136 | Spider:4 | Entered Level 4 of the Spider Nest
 29676 | Spider:4 | Slain by a demonic crawler

Illustrated notes

Levels and vault maps discovered:
D:1:      dpeg_arrival_pits, layout_basic, minmay_misc_feat_tiny,
          minmay_misc_feat_tower, dreamdust_wishing_well
D:2:      minmay_diamond_boxcup, layout_loops_ring,
          dreamdust_ecumenical_altar_hidden_monk_grotto, basic_altar,
          nrook_mini_backslash
D:3:      layout_loops_cross, grunt_gozag_breadcrumbs, uniq_crazy_yiuf_cottage
D:4:      layout_basic, minmay_temple_entry_statues, serial_shops,
          nicolae_diamond_shop, kennysheep_nondescript, st_stairs_7
D:5:      layout_layer_cave, serial_shops, shop_statue, serial_demonic,
          serial_demonic_b, serial_demonic_b, serial_demonic_f,
          serial_demonic_a, serial_demonic_a, serial_demonic_e,
          serial_demonic_g, serial_demonic_c, kennysheep_minor_cross,
          saegor_snake_ambush, uniq_edmund
D:6:      layout_basic, gammafunk_ghost_split
D:7:      layout_basic, kennysheep_ying_yang,
          nicolae_dithmenos_through_a_glass_darkly
D:8:      layout_rooms
D:9:      layout_irregular_city, grunt_lair_entry_orc_guard_hut,
          hangedman_tell_no_tales, uniq_joseph, uniq_maggie
D:10:     layout_basic, orc_0_dummy, gammafunk_ghost_smash, serial_shops,
          nicolae_shop_crystal, nicolae_shop_stone, serial_park_tiny_2,
          uniq_maurice, uniq_psyche
D:11:     layout_big_octagon
D:12:     minmay_connected_triangles_in_corner, layout_basic, minivault_16,
          small_chamber_with_monster
Lair:1:   layout_layer_cave
Lair:2:   layout_hall_layers, spider_nest_entry_funnel_web, st_stairs_6,
          kennysheep_abandoned_house
Lair:3:   minmay_guarded_unrand_snakebite, layout_regular_city,
          nicolae_swamp_entry_splash_gauntlet, st_stairs_13
Lair:4:   layout_cellular_growth
Lair:5:   grunt_lair_end_beastmaster, layout_regular_city, slime_entry_2,
          serial_bayou_pond_c, grunt_forest_large_clearings,
          serial_bayou_shore_a
Spider:1: layout_cave_pods
Spider:2: layout_cave_pods, nicolae_spider_wall_of_niches
Spider:3: layout_spider_delve, uniq_arachne, uniq_aizul
Spider:4: grunt_spider_rune_circles
Orc:1:    layout_diamond_mine, hellmonk_bongcloud_opening
Orc:2:    st_orc_open, layout_caves, serial_shops, bzr_entry_gold

Skill      XL: |  1  2  3  4  5  6  7  8  9 10 11 12 13 14 15 16 |
---------------+-------------------------------------------------+-----
Armour         | 1 2 3 4 5 7 8 9 10 11 12 13 | 13.2
Fighting       | 3 4 5 7 8 9 10 11 12 13 14 | 14.6
Axes           | 5 6 7 9 11 13 14 16 | 16.9
Evocations     | 3 5 6 7 |  7.2
Shields        | 1 4 6 7 9 10 | 10.4
Throwing       | 2 4 6 7 |  7.1
Maces & Flails | 5 7 |  7.9
Dodging        | 2 4 5 |  5.3
Summonings     | 6 7 |  7.8
Earth Magic    | 6 8 |  8.8
Spellcasting   | |  1.5
Conjurations   | |  3.0

Action                     |  1- 3 |  4- 6 |  7- 9 | 10-12 | 13-15 | 16-18 || total
---------------------------+-------+-------+-------+-------+-------+-------++-------
  Melee: Hand axe          |   167 |    83 |       |       |       |       ||   250
         Punch             |     2 |     3 |     2 |     2 |       |       ||     9
         Mace              |       |    65 |   321 |   710 |   655 |       ||  1751
         War axe           |       |       |       |       |   468 |   190 ||   658
  Throw: Boomerang         |       |       |       |       |    12 |    20 ||    32
         Javelin           |       |       |       |       |       |     4 ||     4
   Cast: Animate Armour    |       |       |       |       |    14 |    15 ||    29
 Invoke: Curse Item        |       |       |     1 |     5 |     3 |     1 ||    10
         Shatter the Chain |       |       |       |       |     1 |       ||     1
  Evoke: Wand              |       |       |       |     5 |    17 |       ||    22
         Phantom mirror    |       |       |       |       |     1 |       ||     1
    Use: Scroll            |       |       |       |     2 |    11 |     2 ||    15
         Potion            |       |       |       |     2 |     5 |     2 ||     9
   Stab: Sleeping          |       |     1 |       |       |       |       ||     1
         Petrified         |       |       |       |       |     7 |       ||     7
         Petrifying        |       |       |       |       |     1 |       ||     1
         Held in net/web   |       |       |       |       |     2 |       ||     2
         Distracted        |       |       |       |       |     1 |     1 ||     2
 Armour: Leather armour    |     2 |       |       |       |       |       ||     2
         Robe              |    38 |    56 |     4 |       |       |       ||    98
         Chain mail        |       |       |   155 |     2 |       |       ||   157
         Swamp dragon scal |       |       |       |   327 |   517 |    83 ||   927
  Dodge: Dodged            |    91 |   129 |   261 |   534 |   756 |   118 ||  1889
  Block: Kite shield       |       |       |       |   316 |   661 |   119 ||  1096

Table legend: (Time is in decaauts)
 A = Elapsed time spent in this place.
 B = Non-inter-level travel time spent in this place.
 C = Inter-level travel time spent in this place.
 D = Time resting spent in this place.
 E = Time spent auto-exploring this place.
 F = Levels seen in this place.
 G = Mean time per level.
                   A        B        C        D        E       F      G
               +--------+--------+--------+--------+--------+-----+--------+
         Total |  29725 |  28089 |   1636 |  10154 |  11981 |  24 | 1238.5 |
       Dungeon |  12148 |  11299 |    849 |   2525 |   6271 |  12 | 1012.3 |
          Lair |   8285 |   7939 |    346 |   3055 |   3428 |   5 | 1657.0 |
   Spider Nest |   7079 |   6807 |    272 |   3869 |   1567 |   4 | 1769.8 |
  Orcish Mines |   2158 |   1991 |    167 |    705 |    715 |   2 | 1079.0 |
        Bazaar |     52 |     52 |      0 |      0 |      0 |   1 |   52.0 |
               +--------+--------+--------+--------+--------+-----+--------+

Top non-repeatable levels by time:
Spider:2: 2750 daAuts
  Lair:1: 2619 daAuts
Spider:1: 2058 daAuts
Spider:3: 1921 daAuts
     D:9: 1688 daAuts
  Lair:3: 1672 daAuts
  Lair:5: 1560 daAuts
   Orc:2: 1487 daAuts
  Lair:2: 1430 daAuts
     D:5: 1370 daAuts
    D:10: 1166 daAuts
     D:2: 1136 daAuts
     D:1: 1070 daAuts
  Lair:4: 1002 daAuts
     D:6: 986 daAuts
